[ AOE2 MATCH · #470053892 ]
UnrankedMagyars vs Byzantines
[ REPLAY ANALYSIS · EXTRACTED FROM THE RECORDED GAME ]
Feudal
13:24
Castle
24:31
Imperial
42:50
| APM avg | 30.8 |
| APM peak | 94 |
| eAPM avg | 10.7 |
| Villagers / military | 65 / 146 |
Focus
⚔️ 44.0% · 🌾 56.0%
Scout Cavalry ×101 · Spearman ×41 · Trebuchet (Packed) ×3 · Trade Cart ×2 · Monk ×1
Feudal
11:32
Castle
21:44
Imperial
38:38
| APM avg | 26.5 |
| APM peak | 102 |
| eAPM avg | 21.0 |
| Villagers / military | 135 / 196 |
Focus
⚔️ 45.2% · 🌾 54.8%
Spearman ×164 · Unknown (2579) ×132 · Unknown (2550) ×23 · Mangonel ×18 · Trebuchet (Packed) ×6 · Monk ×4
Feudal
10:39
Castle
19:19
Imperial
32:39
| APM avg | 26.4 |
| APM peak | 73 |
| eAPM avg | 14.3 |
| Villagers / military | 137 / 304 |
Focus
⚔️ 50.7% · 🌾 49.3%
Skirmisher ×248 · Cataphract ×24 · Bombard Cannon ×13 · Knight ×7 · Monk ×4 · Archer ×2
Feudal
10:29
Castle
19:19
Imperial
40:34
| APM avg | 12.2 |
| APM peak | 38 |
| eAPM avg | 9.7 |
| Villagers / military | 128 / 245 |
Focus
⚔️ 34.1% · 🌾 65.9%
Knight ×120 · Scout Cavalry ×109 · Bombard Cannon ×8 · Mangonel ×4 · Spearman ×4
Feudal
12:39
Castle
18:37
Imperial
32:50
| APM avg | 23.3 |
| APM peak | 60 |
| eAPM avg | 13.4 |
| Villagers / military | 114 / 204 |
Focus
⚔️ 40.3% · 🌾 59.7%
Archer ×118 · War Elephant ×82 · Trebuchet (Packed) ×4
Feudal
11:35
Castle
20:41
Imperial
35:26
| APM avg | 19.1 |
| APM peak | 93 |
| eAPM avg | 15.2 |
| Villagers / military | 105 / 200 |
Focus
⚔️ 22.9% · 🌾 77.1%
Mameluke ×100 · Camel Scout ×72 · Trade Cart ×20 · Monk ×11 · Bombard Cannon ×10 · Trebuchet (Packed) ×7
Match map
Initial resources + every placement click. Lines = walls · curves = elevation contours. ◆ gold · ⬟ stone · ● berries · ✦ relic · ◌ wall gap
Your base· ✓ Map-separated
Dom Pedro III's base· ✓ Map-separated
Jamezbondage0069's base· ✓ Map-separated
DaHeist's base· ✓ Map-separated
IRM | The Condor's base· ✓ Map-separated
trgouldi's base· ✓ Map-separated
Smoothed initial terrain · ◌ = detected wall gap · hover for details
Inputs per minute
— Shogun_BR - - Dom Pedro III
Build order — Shogun_BR
First 150 of 322 actions detected
| 0:11 | Build | House |
| 0:18 | Build | House |
| 0:25 | Build | House |
| 0:30 | Create | Villager (Male) |
| 0:31 | Create | Villager (Male) |
| 0:31 | Create | Villager (Male) |
| 0:31 | Create | Villager (Male) |
| 2:01 | Create | Villager (Male) |
| 2:01 | Create | Villager (Male) |
| 3:13 | Create | Villager (Male) |
| 3:14 | Create | Villager (Male) |
| 4:29 | Create | Villager (Male) |
| 4:29 | Create | Villager (Male) |
| 4:29 | Create | Villager (Male) |
| 4:54 | Create | Villager (Male) |
| 4:54 | Create | Villager (Male) |
| 5:00 | Build | House |
| 5:20 | Create | Villager (Male) |
| 5:20 | Create | Villager (Male) |
| 5:26 | Build | House |
| 5:46 | Build | House |
| 7:19 | Build | Lumber Camp |
| 7:33 | Create | Villager (Male) |
| 7:34 | Create | Villager (Male) |
| 7:34 | Create | Villager (Male) |
| 10:05 | Build | House |
| 10:14 | Build | Mill |
| 10:36 | Build | Palisade Wall |
| 10:49 | Research | Loom |
| 11:01 | Build | Palisade Wall |
| 11:08 | Research | Feudal Age |
| 11:21 | Build | Palisade Wall |
| 12:04 | Build | Palisade Wall |
| 12:15 | Build | Farm |
| 12:25 | Build | Palisade Wall |
| 13:24 | Age | Feudal Age |
| 13:30 | Build | Palisade Gate |
| 13:41 | Build | Farm |
| 13:43 | Build | Farm |
| 13:51 | Build | Barracks |
| 14:07 | Build | Farm |
| 14:24 | Create | Villager (Male) |
| 14:24 | Create | Villager (Male) |
| 14:24 | Create | Villager (Male) |
| 14:38 | Build | Stone Wall |
| 14:57 | Build | Stone Wall |
| 15:00 | Create | Villager (Male) |
| 15:00 | Create | Villager (Male) |
| 15:17 | Build | Stable |
| 15:17 | Build | Stable |
| 15:26 | Build | Farm |
| 15:29 | Build | Farm |
| 15:32 | Create | Villager (Male) |
| 15:32 | Create | Villager (Male) |
| 15:48 | Build | Mining Camp |
| 15:53 | Build | Farm |
| 15:59 | Create | Scout Cavalry |
| 16:00 | Create | Scout Cavalry |
| 16:00 | Create | Scout Cavalry |
| 16:00 | Create | Scout Cavalry |
| 16:23 | Research | Double-Bit Axe |
| 16:52 | Create | Scout Cavalry |
| 16:52 | Create | Scout Cavalry |
| 17:06 | Create | Villager (Male) |
| 17:26 | Create | Scout Cavalry |
| 17:51 | Create | Scout Cavalry |
| 17:51 | Create | Scout Cavalry |
| 17:59 | Build | Farm |
| 18:02 | Build | Farm |
| 18:08 | Build | Farm |
| 18:16 | Create | Villager (Male) |
| 18:16 | Create | Villager (Male) |
| 18:23 | Build | House |
| 18:24 | Build | House |
| 19:10 | Build | Blacksmith |
| 19:36 | Build | Market |
| 21:48 | Build | Stone Wall |
| 21:51 | Research | Castle Age |
| 22:13 | Create | Trade Cart |
| 22:31 | Research | Horse Collar |
| 23:17 | Research | Scale Barding Armor |
| 23:23 | Create | Scout Cavalry |
| 23:23 | Create | Scout Cavalry |
| 23:34 | Build | Farm |
| 23:39 | Build | Farm |
| 23:44 | Create | Scout Cavalry |
| 23:45 | Create | Scout Cavalry |
| 23:58 | Build | Stone Wall |
| 24:04 | Build | Gate |
| 24:09 | Create | Scout Cavalry |
| 24:09 | Create | Scout Cavalry |
| 24:31 | Age | Castle Age |
| 24:34 | Create | Scout Cavalry |
| 24:35 | Create | Scout Cavalry |
| 24:40 | Create | Villager (Male) |
| 24:41 | Create | Villager (Male) |
| 24:59 | Build | Mining Camp |
| 25:22 | Research | Bloodlines |
| 25:23 | Research | Light Cavalry (upgrade) |
| 25:30 | Create | Trade Cart |
| 25:58 | Build | Farm |
| 26:05 | Create | Scout Cavalry |
| 26:05 | Create | Scout Cavalry |
| 26:05 | Create | Scout Cavalry |
| 26:28 | Create | Scout Cavalry |
| 26:28 | Create | Scout Cavalry |
| 26:29 | Create | Scout Cavalry |
| 26:51 | Build | Town Center |
| 27:06 | Build | Stone Wall |
| 27:24 | Create | Scout Cavalry |
| 27:24 | Create | Scout Cavalry |
| 27:25 | Create | Scout Cavalry |
| 27:25 | Create | Scout Cavalry |
| 27:44 | Create | Villager (Male) |
| 27:44 | Create | Villager (Male) |
| 27:44 | Create | Villager (Male) |
| 27:44 | Create | Villager (Male) |
| 28:09 | Research | Heavy Plow |
| 28:15 | Build | Farm |
| 28:22 | Create | Villager (Male) |
| 28:23 | Create | Villager (Male) |
| 28:29 | Create | Villager (Male) |
| 28:29 | Create | Villager (Male) |
| 28:39 | Build | Farm |
| 28:46 | Build | Stone Wall |
| 30:09 | Build | Stone Wall |
| 30:15 | Create | Villager (Male) |
| 30:15 | Create | Villager (Male) |
| 30:21 | Create | Villager (Male) |
| 30:22 | Create | Villager (Male) |
| 30:22 | Create | Villager (Male) |
| 30:22 | Create | Villager (Male) |
| 30:25 | Build | Farm |
| 30:29 | Build | Farm |
| 30:32 | Build | Farm |
| 30:47 | Research | Bow Saw |
| 30:51 | Create | Villager (Male) |
| 30:51 | Create | Villager (Male) |
| 30:58 | Build | House |
| 30:59 | Build | House |
| 31:02 | Build | House |
| 31:31 | Research | Chain Barding Armor |
| 32:06 | Create | Villager (Male) |
| 32:06 | Create | Villager (Male) |
| 32:07 | Create | Villager (Male) |
| 32:17 | Build | Monastery |
| 32:30 | Build | Outpost |
| 32:35 | Build | House |
| 32:41 | Create | Villager (Male) |
| 32:41 | Create | Villager (Male) |
Build order — Dom Pedro III
First 150 of 647 actions detected
| 0:18 | Create | Villager (Male) |
| 0:20 | Research | Loom |
| 0:21 | Create | Villager (Male) |
| 0:21 | Create | Villager (Male) |
| 0:21 | Create | Villager (Male) |
| 0:34 | Build | House |
| 0:35 | Build | House |
| 1:17 | Create | Villager (Male) |
| 1:56 | Create | Villager (Male) |
| 1:56 | Create | Villager (Male) |
| 3:07 | Create | Villager (Male) |
| 3:47 | Build | Settlement |
| 3:49 | Create | Villager (Male) |
| 3:50 | Create | Villager (Male) |
| 3:50 | Create | Villager (Male) |
| 3:50 | Create | Villager (Male) |
| 4:05 | Create | Villager (Male) |
| 4:29 | Create | Villager (Male) |
| 5:26 | Create | Villager (Male) |
| 5:26 | Create | Villager (Male) |
| 5:27 | Create | Villager (Male) |
| 5:27 | Create | Villager (Male) |
| 6:36 | Build | Settlement |
| 6:49 | Create | Villager (Male) |
| 6:49 | Create | Villager (Male) |
| 6:50 | Create | Villager (Male) |
| 6:50 | Create | Villager (Male) |
| 8:54 | Build | Farm |
| 8:56 | Build | Farm |
| 8:58 | Build | Farm |
| 9:14 | Build | Farm |
| 9:22 | Research | Feudal Age |
| 9:31 | Build | Settlement |
| 9:59 | Build | House |
| 10:00 | Build | House |
| 10:40 | Build | Barracks |
| 11:05 | Create | Villager (Male) |
| 11:07 | Create | Villager (Male) |
| 11:32 | Age | Feudal Age |
| 11:39 | Build | Market |
| 11:46 | Build | Outpost |
| 11:47 | Build | Outpost |
| 11:48 | Build | Outpost |
| 11:56 | Create | Unit 2550 |
| 11:56 | Create | Unit 2550 |
| 11:56 | Create | Unit 2550 |
| 12:04 | Build | Farm |
| 12:13 | Build | Stone Wall |
| 12:51 | Build | Blacksmith |
| 13:06 | Build | Stone Wall |
| 13:10 | Build | Gate |
| 13:15 | Create | Villager (Male) |
| 13:16 | Create | Villager (Male) |
| 13:16 | Create | Villager (Male) |
| 13:16 | Create | Villager (Male) |
| 13:23 | Research | Double-Bit Axe |
| 13:31 | Research | Horse Collar |
| 13:43 | Create | Villager (Male) |
| 13:44 | Create | Villager (Male) |
| 13:45 | Build | Farm |
| 14:29 | Research | Tech 1402 |
| 14:35 | Create | Villager (Male) |
| 14:35 | Create | Villager (Male) |
| 14:44 | Build | Stone Wall |
| 14:55 | Build | Stone Wall |
| 15:04 | Build | Stone Wall |
| 15:10 | Build | Farm |
| 15:11 | Create | Villager (Male) |
| 15:14 | Build | Farm |
| 15:27 | Build | Farm |
| 15:42 | Create | Unit 2550 |
| 15:42 | Create | Unit 2550 |
| 15:54 | Build | Farm |
| 15:56 | Create | Villager (Male) |
| 16:09 | Create | Villager (Male) |
| 16:10 | Create | Villager (Male) |
| 16:10 | Create | Villager (Male) |
| 16:32 | Build | Farm |
| 16:35 | Create | Villager (Male) |
| 16:44 | Build | Dock |
| 16:50 | Build | House |
| 17:22 | Create | Villager (Male) |
| 17:46 | Create | Fishing Ship |
| 17:46 | Create | Fishing Ship |
| 18:22 | Build | Stone Wall |
| 18:28 | Create | Villager (Male) |
| 19:04 | Research | Castle Age |
| 19:26 | Research | Arson |
| 19:40 | Build | House |
| 19:56 | Create | Unit 2550 |
| 20:17 | Create | Unit 2550 |
| 21:32 | Create | Villager (Male) |
| 21:32 | Create | Villager (Male) |
| 21:32 | Create | Villager (Male) |
| 21:33 | Create | Villager (Male) |
| 21:44 | Age | Castle Age |
| 21:48 | Build | Town Center |
| 21:58 | Build | Town Center |
| 22:28 | Build | Castle |
| 22:40 | Create | Villager (Male) |
| 22:41 | Create | Villager (Male) |
| 22:42 | Create | Villager (Male) |
| 22:42 | Create | Villager (Male) |
| 22:42 | Create | Villager (Male) |
| 22:43 | Create | Villager (Male) |
| 22:43 | Create | Villager (Male) |
| 22:43 | Create | Villager (Male) |
| 22:46 | Build | Farm |
| 22:48 | Build | Farm |
| 22:49 | Build | Farm |
| 22:51 | Build | Farm |
| 22:52 | Build | Farm |
| 22:53 | Create | Villager (Male) |
| 22:53 | Create | Villager (Male) |
| 22:56 | Create | Villager (Male) |
| 22:56 | Create | Villager (Male) |
| 22:58 | Build | Farm |
| 23:00 | Build | House |
| 23:01 | Build | House |
| 23:01 | Build | House |
| 23:10 | Build | House |
| 23:16 | Build | House |
| 23:53 | Build | Monastery |
| 23:55 | Create | Villager (Male) |
| 23:55 | Create | Villager (Male) |
| 23:55 | Create | Villager (Male) |
| 23:56 | Create | Villager (Male) |
| 23:56 | Create | Villager (Male) |
| 23:56 | Create | Villager (Male) |
| 24:13 | Create | Unit 2579 |
| 24:14 | Create | Unit 2579 |
| 24:14 | Create | Unit 2579 |
| 24:14 | Create | Unit 2579 |
| 24:14 | Create | Unit 2579 |
| 24:14 | Create | Unit 2579 |
| 24:31 | Build | Gate |
| 24:36 | Build | Stone Wall |
| 24:46 | Build | Stone Wall |
| 24:54 | Create | Monk |
| 24:59 | Create | Unit 2579 |
| 25:00 | Create | Unit 2579 |
| 25:10 | Build | Barracks |
| 25:16 | Create | Unit 2579 |
| 25:16 | Create | Unit 2579 |
| 25:23 | Create | Villager (Male) |
| 25:23 | Create | Villager (Male) |
| 25:23 | Create | Villager (Male) |
| 25:24 | Create | Villager (Male) |
| 25:24 | Create | Villager (Male) |
| 25:24 | Create | Villager (Male) |
Build order — Jamezbondage0069
First 150 of 607 actions detected
| 0:01 | Create | Villager (Male) |
| 0:01 | Create | Villager (Male) |
| 0:03 | Build | House |
| 0:05 | Build | House |
| 0:34 | Create | Villager (Male) |
| 0:35 | Create | Villager (Male) |
| 1:50 | Build | Lumber Camp |
| 1:54 | Create | Villager (Male) |
| 1:54 | Create | Villager (Male) |
| 2:25 | Create | Villager (Male) |
| 2:26 | Create | Villager (Male) |
| 2:27 | Research | Loom |
| 3:07 | Create | Villager (Male) |
| 3:24 | Create | Villager (Male) |
| 3:45 | Create | Villager (Male) |
| 4:01 | Create | Villager (Male) |
| 4:10 | Build | House |
| 4:30 | Create | Villager (Male) |
| 4:44 | Build | Mill |
| 5:43 | Create | Villager (Male) |
| 6:27 | Create | Villager (Male) |
| 7:00 | Create | Villager (Male) |
| 7:00 | Create | Villager (Male) |
| 7:38 | Build | House |
| 7:53 | Create | Villager (Male) |
| 8:20 | Research | Feudal Age |
| 9:05 | Build | Palisade Wall |
| 9:17 | Build | Mining Camp |
| 9:45 | Create | Villager (Male) |
| 9:45 | Create | Villager (Male) |
| 10:01 | Build | Barracks |
| 10:39 | Age | Feudal Age |
| 10:54 | Research | Double-Bit Axe |
| 10:57 | Research | Horse Collar |
| 11:00 | Build | Farm |
| 11:07 | Build | House |
| 11:10 | Build | House |
| 11:19 | Build | Farm |
| 11:28 | Create | Villager (Male) |
| 11:29 | Create | Villager (Male) |
| 11:37 | Build | Farm |
| 11:40 | Build | Farm |
| 11:44 | Build | Farm |
| 11:52 | Create | Villager (Male) |
| 11:53 | Create | Villager (Male) |
| 12:07 | Build | Farm |
| 12:31 | Build | Stable |
| 12:34 | Create | Villager (Male) |
| 12:34 | Create | Villager (Male) |
| 13:09 | Create | Villager (Male) |
| 13:09 | Create | Villager (Male) |
| 13:12 | Build | Farm |
| 13:15 | Build | Farm |
| 13:20 | Build | Farm |
| 13:37 | Build | Palisade Gate |
| 13:46 | Create | Spearman |
| 13:47 | Create | Spearman |
| 13:55 | Build | Farm |
| 14:23 | Build | Farm |
| 14:24 | Build | Farm |
| 14:33 | Build | Farm |
| 14:43 | Build | House |
| 14:44 | Build | House |
| 15:17 | Build | Farm |
| 15:17 | Build | Farm |
| 15:17 | Build | Farm |
| 15:49 | Build | Farm |
| 16:09 | Build | Blacksmith |
| 16:14 | Create | Villager (Male) |
| 16:38 | Research | Castle Age |
| 17:12 | Build | Mining Camp |
| 17:23 | Create | Villager (Male) |
| 17:23 | Create | Villager (Male) |
| 18:06 | Build | Archery Range |
| 18:26 | Create | Villager (Male) |
| 18:26 | Create | Villager (Male) |
| 19:00 | Create | Skirmisher |
| 19:00 | Create | Skirmisher |
| 19:02 | Create | Skirmisher |
| 19:19 | Age | Castle Age |
| 19:22 | Create | Knight |
| 19:22 | Create | Knight |
| 19:23 | Create | Knight |
| 19:26 | Create | Villager (Male) |
| 19:26 | Create | Villager (Male) |
| 19:27 | Create | Villager (Male) |
| 19:47 | Create | Villager (Male) |
| 19:48 | Create | Villager (Male) |
| 19:53 | Build | Town Center |
| 19:59 | Create | Villager (Male) |
| 19:59 | Create | Villager (Male) |
| 20:20 | Create | Villager (Male) |
| 20:20 | Create | Villager (Male) |
| 20:21 | Create | Villager (Male) |
| 20:21 | Create | Villager (Male) |
| 20:21 | Create | Villager (Male) |
| 20:22 | Create | Villager (Male) |
| 20:39 | Create | Archer |
| 20:39 | Create | Archer |
| 20:43 | Build | House |
| 21:08 | Build | House |
| 21:11 | Build | House |
| 21:24 | Build | House |
| 21:49 | Create | Villager (Male) |
| 21:49 | Create | Villager (Male) |
| 22:07 | Build | Farm |
| 22:09 | Create | Villager (Male) |
| 22:09 | Create | Villager (Male) |
| 22:20 | Create | Knight |
| 22:20 | Create | Knight |
| 22:23 | Research | Scale Barding Armor |
| 22:48 | Build | Farm |
| 22:50 | Create | Villager (Male) |
| 22:51 | Create | Villager (Male) |
| 22:54 | Create | Villager (Male) |
| 22:54 | Create | Villager (Male) |
| 23:58 | Create | Villager (Male) |
| 23:58 | Create | Villager (Male) |
| 23:59 | Create | Villager (Male) |
| 24:14 | Create | Knight |
| 24:15 | Create | Knight |
| 24:48 | Create | Villager (Male) |
| 24:49 | Create | Villager (Male) |
| 25:16 | Build | Castle |
| 25:25 | Create | Villager (Male) |
| 25:26 | Create | Villager (Male) |
| 25:45 | Build | House |
| 25:46 | Build | House |
| 25:48 | Build | House |
| 26:30 | Create | Villager (Male) |
| 26:30 | Create | Villager (Male) |
| 26:31 | Create | Villager (Male) |
| 26:31 | Create | Villager (Male) |
| 26:42 | Create | Villager (Male) |
| 26:43 | Create | Villager (Male) |
| 27:27 | Build | Market |
| 27:33 | Create | Cataphract |
| 27:34 | Create | Cataphract |
| 27:34 | Create | Cataphract |
| 27:35 | Create | Cataphract |
| 28:09 | Build | Stone Wall |
| 28:29 | Build | Monastery |
| 28:46 | Create | Villager (Male) |
| 28:46 | Create | Villager (Male) |
| 28:46 | Create | Villager (Male) |
| 29:15 | Create | Villager (Male) |
| 29:28 | Research | Imperial Age |
| 29:58 | Create | Villager (Male) |
| 29:58 | Create | Villager (Male) |
| 29:59 | Create | Villager (Male) |
Build order — DaHeist
First 150 of 340 actions detected
| 0:02 | Create | Villager (Male) |
| 0:02 | Create | Villager (Male) |
| 0:02 | Create | Villager (Male) |
| 0:04 | Build | House |
| 0:07 | Build | House |
| 0:17 | Create | Villager (Male) |
| 1:32 | Create | Villager (Male) |
| 1:48 | Build | Lumber Camp |
| 2:06 | Create | Villager (Male) |
| 2:07 | Create | Villager (Male) |
| 2:28 | Create | Villager (Male) |
| 2:54 | Create | Villager (Male) |
| 2:55 | Create | Villager (Male) |
| 3:33 | Build | Mill |
| 3:40 | Create | Villager (Male) |
| 3:40 | Create | Villager (Male) |
| 4:20 | Create | Villager (Male) |
| 4:21 | Create | Villager (Male) |
| 5:14 | Create | Villager (Male) |
| 5:14 | Create | Villager (Male) |
| 5:28 | Create | Villager (Male) |
| 5:55 | Build | House |
| 6:08 | Create | Villager (Male) |
| 7:04 | Create | Villager (Male) |
| 7:04 | Create | Villager (Male) |
| 7:06 | Research | Loom |
| 7:22 | Build | Lumber Camp |
| 8:15 | Research | Feudal Age |
| 8:37 | Create | Villager (Male) |
| 8:57 | Build | Mining Camp |
| 9:04 | Create | Villager (Male) |
| 9:05 | Create | Villager (Male) |
| 9:16 | Build | House |
| 9:24 | Build | House |
| 10:13 | Build | Barracks |
| 10:29 | Age | Feudal Age |
| 10:37 | Research | Double-Bit Axe |
| 10:42 | Research | Horse Collar |
| 11:03 | Build | Stable |
| 11:20 | Create | Villager (Male) |
| 11:21 | Create | Villager (Male) |
| 11:21 | Create | Villager (Male) |
| 11:27 | Build | Farm |
| 11:54 | Build | Farm |
| 12:03 | Build | Farm |
| 12:08 | Build | Farm |
| 12:19 | Build | Farm |
| 12:27 | Build | Farm |
| 12:35 | Create | Scout Cavalry |
| 12:36 | Create | Scout Cavalry |
| 12:36 | Create | Scout Cavalry |
| 12:54 | Create | Villager (Male) |
| 12:54 | Create | Villager (Male) |
| 12:55 | Create | Villager (Male) |
| 13:20 | Build | Mill |
| 13:36 | Research | Town Watch |
| 13:37 | Create | Villager (Male) |
| 13:39 | Create | Villager (Male) |
| 14:09 | Build | Farm |
| 14:09 | Build | Farm |
| 14:10 | Build | Farm |
| 14:10 | Build | Farm |
| 14:13 | Build | Farm |
| 14:15 | Build | Farm |
| 14:34 | Create | Villager (Male) |
| 14:41 | Build | House |
| 14:52 | Build | House |
| 15:02 | Build | Blacksmith |
| 15:31 | Create | Villager (Male) |
| 15:47 | Create | Villager (Male) |
| 15:57 | Build | Market |
| 16:04 | Build | Farm |
| 16:39 | Research | Castle Age |
| 16:43 | Build | Farm |
| 16:50 | Build | Farm |
| 16:55 | Build | Farm |
| 17:04 | Build | Mining Camp |
| 17:18 | Create | Scout Cavalry |
| 17:19 | Create | Scout Cavalry |
| 17:19 | Create | Scout Cavalry |
| 17:47 | Build | Stable |
| 18:18 | Create | Villager (Male) |
| 18:18 | Create | Villager (Male) |
| 18:18 | Create | Villager (Male) |
| 18:23 | Build | House |
| 18:26 | Build | House |
| 18:28 | Build | House |
| 18:41 | Research | Bloodlines |
| 19:19 | Age | Castle Age |
| 19:25 | Create | Villager (Male) |
| 19:25 | Create | Villager (Male) |
| 19:38 | Build | Town Center |
| 20:02 | Build | Town Center |
| 20:23 | Create | Knight |
| 20:24 | Create | Knight |
| 20:48 | Research | Forging |
| 20:50 | Research | Scale Barding Armor |
| 20:54 | Research | Stone Mining |
| 21:10 | Create | Knight |
| 21:56 | Create | Villager (Male) |
| 21:56 | Create | Villager (Male) |
| 21:57 | Create | Villager (Male) |
| 21:58 | Create | Villager (Male) |
| 21:59 | Create | Villager (Male) |
| 21:59 | Create | Villager (Male) |
| 22:00 | Create | Villager (Male) |
| 22:04 | Research | Husbandry |
| 22:17 | Build | Farm |
| 22:18 | Build | Farm |
| 22:28 | Build | Mill |
| 22:52 | Build | Mining Camp |
| 23:09 | Create | Villager (Male) ×5 |
| 23:55 | Create | Villager (Male) |
| 23:55 | Create | Villager (Male) |
| 23:56 | Create | Villager (Male) |
| 23:56 | Create | Villager (Male) |
| 23:57 | Create | Villager (Male) |
| 24:14 | Build | Farm |
| 24:14 | Build | Farm |
| 24:14 | Build | Farm |
| 24:15 | Build | Farm |
| 24:15 | Build | Farm |
| 24:16 | Build | Farm |
| 24:16 | Build | Farm |
| 24:17 | Build | Farm |
| 24:28 | Build | Stable |
| 24:50 | Create | Villager (Male) ×5 |
| 25:12 | Create | Villager (Male) |
| 25:12 | Create | Villager (Male) |
| 25:13 | Create | Villager (Male) |
| 25:33 | Build | Castle |
| 26:20 | Create | Villager (Male) ×5 |
| 26:21 | Create | Villager (Male) ×5 |
| 26:27 | Build | House |
| 26:31 | Build | House |
| 26:45 | Build | Mill |
| 26:47 | Build | Farm |
| 26:48 | Build | Farm |
| 26:48 | Build | Farm |
| 26:48 | Build | Farm |
| 26:49 | Build | Farm |
| 27:00 | Research | Light Cavalry (upgrade) |
| 27:10 | Create | Knight |
| 27:10 | Create | Knight |
| 27:10 | Create | Knight |
| 27:11 | Create | Knight |
| 27:11 | Create | Knight |
| 27:12 | Create | Knight |
| 27:13 | Create | Knight |
| 27:53 | Build | Castle |
Build order — IRM | The Condor
First 150 of 484 actions detected
| 0:04 | Build | House |
| 0:05 | Build | House |
| 0:06 | Create | Villager (Male) |
| 0:06 | Create | Villager (Male) |
| 0:06 | Create | Villager (Male) |
| 0:22 | Create | Villager (Male) |
| 0:37 | Create | Villager (Male) |
| 1:26 | Create | Villager (Male) |
| 1:48 | Build | Lumber Camp |
| 2:06 | Create | Villager (Male) |
| 2:19 | Create | Villager (Male) |
| 2:40 | Create | Villager (Male) |
| 3:09 | Create | Villager (Male) |
| 3:40 | Create | Villager (Male) |
| 4:08 | Create | Villager (Male) |
| 4:35 | Build | House |
| 4:36 | Build | House |
| 5:48 | Create | Villager (Male) |
| 5:52 | Build | Mill |
| 6:27 | Create | Villager (Male) |
| 6:47 | Create | Villager (Male) |
| 6:50 | Create | Villager (Male) |
| 6:58 | Build | Palisade Wall |
| 7:18 | Create | Villager (Male) |
| 7:29 | Create | Villager (Male) |
| 8:04 | Create | Villager (Male) |
| 8:14 | Create | Villager (Male) |
| 8:26 | Build | Lumber Camp |
| 8:38 | Build | Palisade Wall |
| 9:10 | Create | Villager (Male) |
| 9:32 | Build | Palisade Wall |
| 9:37 | Create | Villager (Male) |
| 10:21 | Build | Palisade Wall |
| 10:31 | Create | Villager (Male) |
| 10:35 | Research | Feudal Age |
| 10:42 | Build | Palisade Wall |
| 11:35 | Build | Palisade Wall |
| 12:01 | Build | Mining Camp |
| 12:05 | Build | House |
| 12:06 | Build | House |
| 12:39 | Age | Feudal Age |
| 12:43 | Create | Villager (Male) |
| 13:01 | Build | Farm |
| 13:04 | Build | Farm |
| 13:10 | Build | Market |
| 13:15 | Create | Villager (Male) |
| 13:15 | Create | Villager (Male) |
| 13:20 | Build | House |
| 13:21 | Build | House |
| 13:40 | Build | House |
| 13:41 | Build | House |
| 13:50 | Create | Villager (Male) |
| 13:55 | Build | Farm |
| 13:56 | Build | Farm |
| 14:15 | Build | Blacksmith |
| 14:25 | Create | Villager (Male) |
| 14:32 | Build | Farm |
| 14:36 | Build | Farm |
| 14:39 | Build | Farm |
| 14:42 | Build | Farm |
| 14:44 | Build | Farm |
| 14:46 | Create | Villager (Male) |
| 14:52 | Build | House |
| 14:53 | Build | House |
| 15:11 | Build | Farm |
| 15:19 | Build | House |
| 15:20 | Build | House |
| 15:26 | Create | Villager (Male) |
| 15:36 | Build | House |
| 15:52 | Build | House |
| 15:54 | Build | House |
| 16:02 | Build | House |
| 16:12 | Research | Castle Age |
| 16:12 | Research | Castle Age |
| 16:20 | Build | House |
| 16:21 | Build | House |
| 16:40 | Research | Double-Bit Axe |
| 16:57 | Build | House |
| 17:00 | Build | House |
| 17:38 | Research | Horse Collar |
| 18:08 | Build | Gate |
| 18:37 | Age | Castle Age |
| 18:39 | Build | Town Center |
| 18:47 | Build | House |
| 18:51 | Create | Villager (Male) |
| 18:51 | Create | Villager (Male) |
| 19:05 | Build | House |
| 19:45 | Build | Town Center |
| 19:51 | Create | Villager (Male) |
| 19:51 | Create | Villager (Male) |
| 20:13 | Create | Villager (Male) |
| 20:19 | Research | Gold Mining |
| 20:21 | Research | Stone Mining |
| 20:34 | Build | Farm |
| 20:36 | Build | Farm |
| 20:57 | Create | Villager (Male) |
| 20:57 | Create | Villager (Male) |
| 20:58 | Create | Villager (Male) |
| 21:11 | Create | Villager (Male) |
| 21:24 | Create | Villager (Male) |
| 21:24 | Create | Villager (Male) |
| 21:46 | Create | Villager (Male) |
| 21:46 | Create | Villager (Male) |
| 21:52 | Build | Town Center |
| 21:56 | Create | Villager (Male) |
| 21:57 | Create | Villager (Male) |
| 21:57 | Create | Villager (Male) |
| 22:16 | Create | Villager (Male) |
| 22:18 | Build | Farm |
| 22:21 | Build | Farm |
| 22:36 | Create | Villager (Male) |
| 22:45 | Build | Farm |
| 22:47 | Build | Farm |
| 22:48 | Create | Villager (Male) |
| 22:55 | Create | Villager (Male) |
| 22:55 | Create | Villager (Male) |
| 23:14 | Create | Villager (Male) |
| 23:21 | Build | Farm |
| 23:22 | Build | Farm |
| 23:23 | Create | Villager (Male) |
| 23:32 | Build | Farm |
| 23:33 | Build | Farm |
| 23:37 | Create | Villager (Male) |
| 23:39 | Create | Villager (Male) |
| 23:49 | Create | Villager (Male) |
| 23:49 | Create | Villager (Male) |
| 23:51 | Create | Villager (Male) |
| 23:58 | Build | Mining Camp |
| 24:03 | Create | Villager (Male) |
| 24:07 | Build | Farm |
| 24:10 | Build | Farm |
| 24:11 | Build | Farm |
| 24:12 | Create | Villager (Male) |
| 24:22 | Create | Villager (Male) |
| 24:23 | Create | Villager (Male) |
| 24:24 | Create | Villager (Male) |
| 24:39 | Build | Farm |
| 24:40 | Build | Farm |
| 24:41 | Build | Farm |
| 24:43 | Create | Villager (Male) |
| 24:48 | Build | Farm |
| 24:50 | Create | Villager (Male) |
| 24:53 | Create | Villager (Male) |
| 25:02 | Create | Villager (Male) |
| 25:03 | Create | Villager (Male) |
| 25:04 | Create | Villager (Male) |
| 25:15 | Create | Villager (Male) |
| 25:23 | Build | Farm |
| 25:25 | Build | Farm |
| 25:27 | Create | Villager (Male) |
Build order — trgouldi
First 150 of 338 actions detected
| 0:03 | Build | House |
| 0:04 | Build | House |
| 0:06 | Create | Villager (Male) ×4 |
| 1:07 | Build | House |
| 1:38 | Create | Villager (Male) |
| 1:39 | Create | Villager (Male) |
| 2:05 | Build | Lumber Camp |
| 2:13 | Create | Villager (Male) |
| 2:32 | Create | Villager (Male) |
| 3:06 | Create | Villager (Male) |
| 3:34 | Create | Villager (Male) |
| 3:53 | Create | Villager (Male) |
| 4:30 | Create | Villager (Male) |
| 4:31 | Create | Villager (Male) |
| 4:37 | Build | Mill |
| 5:01 | Create | Villager (Male) |
| 5:42 | Research | Loom |
| 6:07 | Create | Villager (Male) |
| 6:40 | Create | Villager (Male) |
| 7:07 | Create | Villager (Male) |
| 7:08 | Create | Villager (Male) |
| 7:17 | Build | House |
| 7:32 | Build | Farm |
| 7:37 | Build | Farm |
| 7:44 | Build | Farm |
| 8:24 | Build | Farm |
| 8:33 | Create | Villager (Male) |
| 9:00 | Create | Villager (Male) |
| 9:18 | Research | Feudal Age |
| 9:46 | Build | Mining Camp |
| 10:16 | Build | House |
| 10:32 | Create | Villager (Male) |
| 10:34 | Create | Villager (Male) |
| 10:40 | Create | Villager (Male) |
| 10:44 | Build | House |
| 11:12 | Build | Outpost |
| 11:14 | Build | Outpost |
| 11:22 | Build | Outpost |
| 11:27 | Build | Outpost |
| 11:35 | Age | Feudal Age |
| 11:51 | Build | Market |
| 11:58 | Build | Stone Wall |
| 12:04 | Build | Outpost |
| 12:28 | Create | Villager (Male) |
| 12:53 | Build | Farm |
| 13:00 | Build | Farm |
| 13:05 | Create | Villager (Male) |
| 13:10 | Create | Villager (Male) |
| 13:13 | Create | Villager (Male) |
| 13:13 | Create | Villager (Male) |
| 14:14 | Build | Barracks |
| 14:23 | Research | Double-Bit Axe |
| 15:01 | Build | Stone Wall |
| 15:05 | Create | Villager (Male) |
| 15:06 | Create | Villager (Male) |
| 15:12 | Build | Stable |
| 15:33 | Create | Villager (Male) |
| 15:51 | Build | Farm |
| 15:54 | Build | Farm |
| 15:55 | Build | Farm |
| 16:00 | Build | House |
| 16:02 | Build | House |
| 16:15 | Create | Villager (Male) |
| 16:16 | Create | Villager (Male) |
| 16:40 | Build | Farm |
| 16:42 | Research | Horse Collar |
| 16:48 | Build | House |
| 16:55 | Create | Villager (Male) |
| 16:55 | Create | Villager (Male) |
| 16:57 | Build | Farm |
| 17:09 | Build | Farm |
| 17:22 | Build | Farm |
| 17:40 | Build | Farm |
| 17:42 | Research | Castle Age |
| 17:47 | Build | Farm |
| 18:06 | Build | Stable |
| 18:14 | Build | Farm |
| 18:56 | Build | Mining Camp |
| 19:12 | Build | Lumber Camp |
| 19:31 | Create | Villager (Male) |
| 19:31 | Create | Villager (Male) |
| 20:41 | Age | Castle Age |
| 20:49 | Build | Town Center |
| 20:52 | Create | Villager (Male) |
| 20:59 | Research | Bow Saw |
| 21:01 | Research | Heavy Plow |
| 21:07 | Create | Camel Scout ×2 |
| 21:30 | Build | Outpost |
| 21:39 | Create | Villager (Male) |
| 21:43 | Create | Camel Scout ×2 |
| 21:50 | Create | Villager (Male) |
| 22:02 | Build | Town Center |
| 22:11 | Create | Camel Scout |
| 22:29 | Create | Villager (Male) |
| 22:34 | Create | Camel Scout |
| 22:40 | Build | Blacksmith |
| 22:48 | Build | House |
| 22:50 | Build | House |
| 22:50 | Build | House |
| 22:59 | Create | Camel Scout ×2 |
| 23:09 | Create | Villager (Male) |
| 23:19 | Build | Farm |
| 23:23 | Create | Villager (Male) |
| 23:41 | Create | Villager (Male) |
| 23:43 | Create | Villager (Male) |
| 23:47 | Build | Farm |
| 24:03 | Create | Villager (Male) |
| 24:12 | Create | Villager (Male) |
| 24:18 | Build | Farm |
| 24:22 | Create | Camel Scout |
| 24:30 | Build | Castle |
| 24:41 | Build | Stone Wall |
| 24:51 | Create | Camel Scout ×2 |
| 24:53 | Create | Villager (Male) |
| 25:06 | Create | Villager (Male) |
| 25:07 | Create | Villager (Male) |
| 25:17 | Create | Camel Scout ×2 |
| 25:41 | Build | Farm |
| 25:43 | Create | Villager (Male) |
| 25:45 | Create | Villager (Male) |
| 25:47 | Create | Villager (Male) |
| 25:51 | Build | Farm |
| 26:00 | Create | Mameluke |
| 26:04 | Build | Monastery |
| 26:18 | Create | Mameluke |
| 26:23 | Build | Farm |
| 26:27 | Build | Farm |
| 26:29 | Create | Villager (Male) |
| 26:34 | Create | Villager (Male) |
| 26:49 | Research | Fletching |
| 27:20 | Create | Trade Cart |
| 27:21 | Create | Trade Cart |
| 27:22 | Create | Trade Cart |
| 27:24 | Create | Trade Cart |
| 27:25 | Create | Trade Cart |
| 27:26 | Research | Caravan |
| 27:28 | Create | Trade Cart |
| 27:29 | Create | Trade Cart |
| 27:37 | Create | Villager (Male) |
| 27:44 | Build | Farm |
| 27:49 | Build | Farm |
| 27:59 | Create | Trade Cart ×5 |
| 28:32 | Build | Farm |
| 28:33 | Create | Villager (Male) |
| 28:34 | Create | Villager (Male) |
| 28:37 | Create | Villager (Male) |
| 28:38 | Create | Villager (Male) |
| 28:41 | Create | Villager (Male) |
| 28:41 | Create | Villager (Male) |
| 29:04 | Create | Villager (Male) |
Match timeline
| 6:58 | IRM | The Condor · wall_segment Palisade Wall x18 |
| 8:38 | IRM | The Condor · wall_segment Palisade Wall x15 |
| 9:05 | Jamezbondage0069 · wall_segment Palisade Wall x12 |
| 9:32 | IRM | The Condor · wall_segment Palisade Wall x8 |
| 10:01 | Jamezbondage0069 · first_building Barracks |
| 10:13 | DaHeist · first_building Barracks |
| 10:21 | IRM | The Condor · wall_segment Palisade Wall x5 |
| 10:29 | DaHeist · age_up feudal |
| 10:36 | Shogun_BR · wall_segment Palisade Wall x3 |
| 10:39 | Jamezbondage0069 · age_up feudal |
| 10:40 | Dom Pedro III · first_building Barracks |
| 10:42 | IRM | The Condor · wall_segment Palisade Wall x11 |
| 11:01 | Shogun_BR · wall_segment Palisade Wall x7 |
| 11:03 | DaHeist · first_building Stable |
| 11:21 | Shogun_BR · wall_segment Palisade Wall x5 |
| 11:32 | Dom Pedro III · age_up feudal |
| 11:35 | IRM | The Condor · wall_segment Palisade Wall x13 |
| 11:35 | trgouldi · age_up feudal |
| 11:58 | trgouldi · wall_segment Stone Wall x8 |
| 12:04 | Shogun_BR · wall_segment Palisade Wall x10 |
| 12:13 | Dom Pedro III · wall_segment Stone Wall x9 |
| 12:25 | Shogun_BR · wall_segment Palisade Wall x6 |
| 12:31 | Jamezbondage0069 · first_building Stable |
| 12:39 | IRM | The Condor · age_up feudal |
| 13:06 | Dom Pedro III · wall_segment Stone Wall x1 |
| 13:24 | Shogun_BR · age_up feudal |
| 13:42 | Dom Pedro III · first_market_buy 100 food |
| 13:51 | Shogun_BR · first_building Barracks |
| 14:14 | trgouldi · first_building Barracks |
| 14:38 | Shogun_BR · wall_segment Stone Wall x4 |
| 14:44 | Dom Pedro III · wall_segment Stone Wall x12 |
| 14:55 | Dom Pedro III · wall_segment Stone Wall x10 |
| 14:57 | Shogun_BR · wall_segment Stone Wall x1 |
| 15:01 | trgouldi · wall_segment Stone Wall x9 |
| 15:04 | Dom Pedro III · wall_segment Stone Wall x5 |
| 15:12 | trgouldi · first_building Stable |
| 15:17 | Shogun_BR · first_building Stable |
| 16:06 | Dom Pedro III · first_market_sell 100 wood |
| 16:44 | Dom Pedro III · first_building Dock |
| 17:30 | trgouldi · first_market_buy 100 wood |
| 18:06 | Jamezbondage0069 · first_building Archery Range |
| 18:22 | Dom Pedro III · wall_segment Stone Wall x9 |
| 18:37 | IRM | The Condor · age_up castle |
| 19:19 | Jamezbondage0069 · age_up castle |
| 19:19 | DaHeist · age_up castle |
| 19:26 | IRM | The Condor · first_market_buy 100 wood |
| 19:41 | trgouldi · first_market_sell 100 food |
| 20:41 | trgouldi · age_up castle |
| 21:08 | DaHeist · first_market_sell 100 food |
| 21:44 | Dom Pedro III · age_up castle |
| 21:48 | Shogun_BR · wall_segment Stone Wall x4 |
| 22:28 | Dom Pedro III · first_building Castle |
| 23:53 | Dom Pedro III · first_building Monastery |
| 23:58 | Shogun_BR · wall_segment Stone Wall x12 |
| 24:30 | trgouldi · first_building Castle |
| 24:31 | Shogun_BR · age_up castle |
| 24:36 | Dom Pedro III · wall_segment Stone Wall x5 |
| 24:41 | trgouldi · wall_segment Stone Wall x1 |
| 24:46 | Dom Pedro III · wall_segment Stone Wall x6 |
| 25:13 | Shogun_BR · first_market_sell 100 wood |
| 25:16 | Shogun_BR · first_market_buy 100 food |
| 25:16 | Jamezbondage0069 · first_building Castle |
| 25:33 | DaHeist · first_building Castle |
| 26:04 | trgouldi · first_building Monastery |
| 27:06 | Shogun_BR · wall_segment Stone Wall x9 |
| 28:02 | IRM | The Condor · first_building Castle |
| 28:09 | Jamezbondage0069 · wall_segment Stone Wall x12 |
| 28:29 | Jamezbondage0069 · first_building Monastery |
| 28:46 | Shogun_BR · wall_segment Stone Wall x2 |
| 29:20 | Jamezbondage0069 · first_market_buy 100 food |
| 30:09 | Shogun_BR · wall_segment Stone Wall x10 |
| 30:53 | DaHeist · first_market_buy 100 wood |
| 32:17 | Shogun_BR · first_building Monastery |
| 32:35 | Jamezbondage0069 · wall_segment Stone Wall x2 |
| 32:39 | Jamezbondage0069 · age_up imperial |
| 32:50 | IRM | The Condor · age_up imperial |
| 33:13 | DaHeist · first_building Siege Workshop |
| 33:30 | DaHeist · first_building Monastery |
| 34:16 | trgouldi · wall_segment Stone Wall x2 |
| 34:22 | trgouldi · wall_segment Stone Wall x2 |
| 34:26 | trgouldi · wall_segment Stone Wall x2 |
| 34:29 | trgouldi · wall_segment Stone Wall x3 |
| 34:40 | trgouldi · wall_segment Stone Wall x1 |
| 35:08 | Dom Pedro III · wall_segment Stone Wall x8 |
| 35:26 | trgouldi · age_up imperial |
| 36:08 | Dom Pedro III · first_building Siege Workshop |
| 37:26 | IRM | The Condor · first_building Barracks |
| 37:31 | Shogun_BR · first_building Castle |
| 38:07 | IRM | The Condor · first_building Archery Range |
| 38:38 | Dom Pedro III · age_up imperial |
| 38:45 | Dom Pedro III · wall_segment Stone Wall x7 |
| 38:49 | Dom Pedro III · wall_segment Stone Wall x14 |
| 40:00 | Dom Pedro III · wall_segment Stone Wall x5 |
| 40:25 | trgouldi · first_building Siege Workshop |
| 40:34 | DaHeist · age_up imperial |
| 40:42 | Jamezbondage0069 · first_building Siege Workshop |
| 41:08 | DaHeist · tribute_sent a jugador 1 |
| 41:08 | DaHeist · tribute_sent a jugador 2 |
| 41:08 | DaHeist · tribute_sent a jugador 3 |
| 41:08 | DaHeist · tribute_sent a jugador 5 |
| 41:08 | DaHeist · tribute_sent a jugador 6 |
| 42:23 | Shogun_BR · first_building Archery Range |
| 42:50 | Shogun_BR · age_up imperial |
| 46:29 | DaHeist · tribute_sent a jugador 1 |
| 46:29 | DaHeist · tribute_sent a jugador 2 |
| 46:29 | DaHeist · tribute_sent a jugador 3 |
| 46:29 | DaHeist · tribute_sent a jugador 5 |
| 46:29 | DaHeist · tribute_sent a jugador 6 |
| 53:58 | Shogun_BR · first_building Siege Workshop |
| 54:11 | IRM | The Condor · wall_segment Stone Wall x1 |
| 58:25 | Shogun_BR · wall_segment Stone Wall x14 |
| 59:39 | Shogun_BR · resign |
[ AI ANALYSIS · 1 CREDIT ]
What really happened in this match?
Wolo.gg analyzes every decision: build order, eco, micro, common mistakes by bracket. Personalized analysis on WhatsApp or Discord in 30 seconds.
Civ guide
Magyars
Perfil
Jugador #295632